 Dungeon Crawl Stone Soup version 0.31-a0-75-g6fe912e8c5 (webtiles) character file.

Game seed: 6704137161564121100

751 Sobieck the Carver (level 7, -1/59 HPs)
             Began as a Minotaur Monk on May 23, 2023.
             Was a Priest of Okawaru.
             Slain by a red ugly thing (3 damage)
             ... on level 6 of the Dungeon.
             The game lasted 00:07:52 (3974 turns).

Sobieck the Carver (Minotaur Monk)                  Turns: 3974, Time: 00:07:53

Health: -1/59      AC:  8    Str: 15    XL:     7   Next: 49%
Magic:  6/6        EV:  8    Int:  9    God:    Okawaru [***...]
Gold:   168        SH:  0    Dex: 19    Spells: 6/6 levels left

rFire   . . .        i - +0 bardiche (freeze)
rCold   + . .        (shield currently unavailable)
rNeg    + . .        h - +0 chain mail
rPois   .            (helmet restricted)
rElec   .            (no cloak)
rCorr   .            (no gloves)
SInv    .            (no boots)
Will    .....        e - amulet of the acrobat Stlth
                     r - ring of Tina Qai {Fly rC+ Int+2 Dex+4}
HPRegen 0.29/turn    n - ring of positive energy
MPRegen 0.10/turn

%: acrobat
@: flying
A: horns 2, retaliatory headbutt
a: Renounce Religion, Heroism


You were on level 6 of the Dungeon.
You worshipped Okawaru.
Okawaru was most pleased with you.
You visited 1 branch of the dungeon, and saw 6 of its levels.

You collected 168 gold pieces.

Inventory:

Hand Weapons
 a - a +0 falchion
 i - a +0 bardiche of freezing (weapon)
Missiles
 x - 3 silver javelins (quivered)
 F - 3 curare-tipped darts
Armour
 b - a +0 robe
 f - a +0 pair of boots
 h - a +0 chain mail (worn)
Jewellery
 e - an amulet of the acrobat (around neck)
 n - a ring of positive energy (right hand)
 q - a ring of magical power
 r - the ring of Tina Qai (left hand) {Fly rC+ Int+2 Dex+4}
   (You found it on level 5 of the Dungeon)

   [ring of flight]

   Int:       It affects your intelligence (+2).
   Dex:       It affects your dexterity (+4).
   rC:        It protects you from cold.
   Fly:       It grants you flight.
Wands
 I - a wand of iceblast (4)
Scrolls
 g - a scroll of noise
 j - a scroll of amnesia
 l - 3 scrolls of immolation {unknown}
 o - a scroll of fear {unknown}
 p - 3 scrolls of teleportation {unknown}
 M - a scroll of magic mapping
 R - 6 scrolls of identify
Potions
 c - 3 potions of ambrosia
 d - a potion of cancellation {unknown}
 k - 2 potions of mutation
 m - a potion of attraction {unknown}


   Skills:
 - Level 4.1 Fighting
 - Level 8.5 Long Blades
 + Level 5.5 Polearms
 - Level 3.7 Dodging


You had 6 spell levels left.
You didn't know any spells.
Your spell library contained the following spells:

 Spells                   Type           Power      Damage    Failure   Level
 Ensorcelled Hibernation  Hex/Ice        0%         N/A       100%        2
 Sublimation of Blood     Necr           0%         N/A       100%        2
 Wereblood                Tmut           0%         N/A       100%        2
 Spider Form              Tmut/Pois      0%         N/A       100%        3
 Anguish                  Hex/Necr       0%         N/A       100%        4
 Summon Hydra             Summ           Unusable   N/A       N/A         7

Dungeon Overview and Level Annotations

Branches:
Dungeon (6/15)
 Temple: D:4-7

Altars:
Makhleb
Okawaru


Innate Abilities, Weirdness & Mutations

You have a pair of horns on your head.
You reflexively headbutt those who attack you in melee.


Message History

Unknown command.
You reach down and open the door.
There is an open door here.
You see here 7 stones.
You see here a +0 leather armour.
Done exploring.
You are acrobatic and have increased evasion.
You are flying.
Your flying speed is average.
Your attack delay is about 1.6.
Your damage rating with your +0 bardiche of freezing is about 24 (Base 18 x 112% (Str) x 118% (Skill)).
Your base attributes are Str 15, Int 7, Dex 15.
Unknown command.
Unknown command.
Done exploring.
Done exploring.
(D) Dungeon
Where to? (Enter - D:5, ? - help)
There is a stone staircase leading down here.
You fly downwards.
There is a stone staircase leading up here.
Unknown command.
Unknown command.
Found a stone staircase leading up.
An adder and a red ugly thing come into view.
Found 6 gold pieces and a rapier.
The adder hisses angrily.
You hear a shout! x2
Danger!
You reach to attack!
You miss the adder.
You hear a bark!
The adder bites you but does no damage.
You slice the adder!! You freeze the adder.
You kill the adder!
Okawaru accepts your kill.
You reach to attack!
You slash the red ugly thing! You freeze the red ugly thing.
The red ugly thing is moderately wounded.
The red ugly thing trunk-slaps you!
You are engulfed in flames!!
You are too injured to fight recklessly!
You are too injured to fight recklessly!
You are too injured to fight recklessly!
Unknown command.
You hit the red ugly thing but do no damage.
You headbutt the red ugly thing.
The red ugly thing is moderately wounded.
The red ugly thing trunk-slaps you.
You are engulfed in flames!!
* * * LOW HITPOINT WARNING * * *
The red ugly thing completely misses you.
You barely miss the red ugly thing.
The red ugly thing is moderately wounded.
The red ugly thing trunk-slaps you.
You die...

#.# ##... .....
...## ###....
....#.. #
##...###.#
##....@u..# .#
##......#..$..#
...#...###.#
###)# ##........#
...#......#.....#
...#..###.#.###.#
..........#.....#
.................
.....#...........


You could see a red ugly thing.

Vanquished Creatures
  3 scorpions
  2 hounds (D:5)
  A gnoll bouda (D:5)
  3 iron imps (D:4)
  A jelly (D:4)
  2 iguanas (D:5)
  Terence (D:2)
  2 orc wizards (D:3)
  6 gnolls
  8 adders
  2 worms
  4 dart slugs
  12 orcs
  8 endoplasms
  2 giant cockroaches
  5 goblins
  9 hobgoblins
  11 kobolds
  5 quokkas
  5 ball pythons
  7 bats
  A frilled lizard (D:1)
  6 rats
106 creatures vanquished.

Notes
Turn   | Place    | Note
-------+----------+-------------------------------------------
     0 | D:1      | Sobieck the Minotaur Monk began the quest for the Orb.
     0 | D:1      | Reached XP level 1. HP: 19/19 MP: 0/0
   130 | D:1      | Reached XP level 2. HP: 27/27 MP: 1/1
   230 | D:1      | Reached skill level 4 in Long Blades
   684 | D:1      | Reached XP level 3. HP: 33/33 MP: 2/2
   967 | D:2      | Found an iron altar of Okawaru.
  1060 | D:2      | Became a worshipper of Warmaster Okawaru
  1060 | D:2      | Reached * piety under Okawaru
  1060 | D:2      | Reached ** piety under Okawaru
  1189 | D:2      | Noticed Terence
  1200 | D:2      | Killed Terence
  1201 | D:2      | Reached skill level 5 in Long Blades
  1201 | D:2      | Reached XP level 4. HP: 15/40 MP: 3/3
  1521 | D:3      | Reached skill level 6 in Long Blades
  1527 | D:3      | Reached XP level 5. HP: 26/46 MP: 4/4
  2065 | D:4      | Reached skill level 7 in Long Blades
  2239 | D:4      | Reached XP level 6. HP: 51/52 MP: 5/5
  2298 | D:4      | Found a burning altar of Makhleb.
  2317 | D:4      | Reached skill level 8 in Long Blades
  2807 | D:4      | Identified a scroll of acquirement
  2807 | D:4      | Acquired a +0 bardiche of freezing
  2824 | D:5      | Entered Level 5 of the Dungeon
  2831 | D:5      | Reached skill level 1 in Polearms
  2944 | D:5      | Reached *** piety under Okawaru
  2970 | D:5      | Reached skill level 3 in Polearms
  2970 | D:5      | Reached XP level 7. HP: 50/59 MP: 6/6
  3820 | D:5      | Identified the ring of Tina Qai {Fly rC+ Int+2 Dex+4}
  3969 | D:6      | Noticed a red ugly thing
  3973 | D:6      | HP: 1/59 [red ugly thing (23)]
  3974 | D:6      | Slain by a red ugly thing

Illustrated notes

Levels and vault maps discovered:
D:1:      lightli_arrival_flooded_house, layout_loops_ring
D:2:      layout_loops_cross, basic_altar, grunt_decor_mini_mirrors,
          uniq_terence
D:3:      layout_rooms, kennysheep_generic_room_8
D:4:      layout_rooms, demons_altar, minmay_misc_feat_columns, minivault_27,
          minmay_fractal_squares_gapless_5
D:5:      layout_loops_corners
D:6:      hangedman_cross_stitches, layout_basic

Skill      XL: |  1  2  3  4  5  6  7 |
---------------+----------------------+-----
Long Blades    | 4 5 6 7 8 |  8.5
Fighting       | 4 |  4.1
Polearms       | 3 5 |  5.5
Dodging        | |  3.7

Action                     |  1- 3 |  4- 6 |  7- 9 || total
---------------------------+-------+-------+-------++-------
  Melee: Falchion          |    80 |   108 |       ||   188
         Headbutt          |    16 |    31 |     6 ||    53
         Bardiche          |       |    11 |    52 ||    63
    Use: Scroll            |       |     5 |       ||     5
 Armour: Robe              |     4 |       |       ||     4
         Chain mail        |    32 |    42 |    44 ||   118
  Dodge: Dodged            |    61 |    62 |    29 ||   152

Table legend: (Time is in decaauts)
 A = Elapsed time spent in this place.
 B = Non-inter-level travel time spent in this place.
 C = Inter-level travel time spent in this place.
 D = Time resting spent in this place.
 E = Time spent auto-exploring this place.
 F = Levels seen in this place.
 G = Mean time per level.
                   A        B        C        D        E       F      G
               +--------+--------+--------+--------+--------+-----+--------+
         Total |   4018 |   3870 |    148 |      0 |   3243 |   6 |  669.7 |
       Dungeon |   4018 |   3870 |    148 |      0 |   3243 |   6 |  669.7 |
               +--------+--------+--------+--------+--------+-----+--------+

Top non-repeatable levels by time:
     D:5: 1146 daAuts
     D:4: 821 daAuts
     D:2: 742 daAuts
     D:1: 706 daAuts
     D:3: 555 daAuts
     D:6: 46 daAuts
